 Dungeon Crawl Stone Soup version 0.30-a0-800-g7c544603b3 (webtiles) character file.

Game seed: 16267652508222385375

61 ryw the Trooper (level 3, -6/30 HPs)
             Began as a Demonspawn Monk on Feb 22, 2023.
             Mangled by a gnoll
             ... wielding a +0 flail
              (8 damage)
             ... on level 3 of the Dungeon.
             The game lasted 00:02:49 (1626 turns).

ryw the Trooper (Demonspawn Monk)                   Turns: 1626, Time: 00:02:50

Health: -6/30      AC:  2    Str: 11 (13) XL:     3   Next: 83%
Magic:  3/3        EV: 13    Int: 10 (11) God:
Gold:   29         SH:  0    Dex: 12 (15) Spells: 2/2 levels left

rFire   . . .      SeeInvis .    m - +3 dagger of Brawling {heavy, Stlth+}
rCold   . . .      Faith    .    (no shield)
rNeg    . . .      Spirit   .    a - +0 robe
rPois   .          Reflect  .    (no helmet)
rElec   .          Harm     .    (no cloak)
rCorr   .          Rampage  .    (no gloves)
Will    .....                    (no boots)
Stlth   +++                      (no amulet)
HPRegen 0.25/turn                (no ring)
MPRegen 0.08/turn                (no ring)

@: brilliant
A: powered by pain 1, demonic touch 1
a: no special abilities


You were on level 3 of the Dungeon.
You visited 1 branch of the dungeon, and saw 3 of its levels.

You collected 162 gold pieces.
You spent 133 gold pieces at shops.

Inventory:

Hand Weapons
 m - the +3 dagger of Brawling (weapon) {heavy, Stlth+}
   (You bought it in a shop on level 2 of the Dungeon)

   Stlth:     It makes you more stealthy.
Armour
 a - a +0 robe (worn)
Scrolls
 c - 2 scrolls of teleportation
 e - 3 scrolls of blinking
 i - a scroll of vulnerability {unknown}
 k - 2 scrolls of enchant weapon {unknown}
 l - 2 scrolls of identify {unknown}
Potions
 b - a potion of mutation {unknown}
 d - a potion of degeneration
 f - a potion of might {unknown}
 g - a potion of heal wounds {unknown}
 h - a potion of brilliance
 j - a potion of curing {unknown}
 n - a potion of invisibility {unknown}


   Skills:
 + Level 3.9 Fighting
 + Level 0.2(0.4) Short Blades
 - Level 0.4(0.5) Long Blades
 + Level 3.5 Dodging
 - Level 1.7 Stealth
 - Level 2.6 Unarmed Combat


You had 2 spell levels left.
You didn't know any spells.
Your spell library contained the following spells:

 Spells                   Type           Power      Damage    Failure   Level
 Ozocubu's Armour         Ice            0%         N/A       75%         3
 Metabolic Englaciation   Hex/Ice        0%         N/A       100%        5
 Simulacrum               Ice/Necr       0%         N/A       100%        6


Dungeon Overview and Level Annotations

Branches:
Dungeon (3/15)

Altars:
Trog
Wu Jian

Shops:
D:2 (


Innate Abilities, Weirdness & Mutations

You sometimes gain a little power by taking damage.
Your touch may inflict minor irresistible damage on your foes.


Message History

The orc shouts!
A hobgoblin comes into view.
Found a bloodstained altar of Trog.
Found 8 gold pieces.
Found a stone staircase leading down.
The orc attacks as you move away! The orc hits you with a +0 short sword.
There is a stone staircase leading up here.
You hit the orc.
You touch the orc.
You kill the orc!
No target in view!
No target in view!
No target in view!
HP restored.
You see here a +0 short sword.
A hobgoblin is nearby!
You hit the hobgoblin but do no damage. The hobgoblin hits you.
The hobgoblin barely misses you.
You puncture the hobgoblin!
You kill the hobgoblin!
No target in view!
No target in view!
You now have 29 gold pieces (gained 8). 2 gnolls come into view.
You see here a +0 short sword.
There is a stone staircase leading up here.
You closely miss the gnoll. The gnoll hits you with a +0 flail! x2
* * * LOW HITPOINT WARNING * * *
You are too injured to fight recklessly!
You are too injured to fight recklessly!
You are too injured to fight recklessly!
Sorry, you're not good enough to have a special ability.
Unknown command.
It was a potion of degeneration.
There was something very wrong with that liquid.
You feel weakened.
You feel dopey.
You feel clumsy. The gnoll hits you with a +0 flail!
* * * LOW HITPOINT WARNING * * *
It was a potion of brilliance.
You feel clever all of a sudden. The gnoll hits you with a +0 flail!
You die...

#......# ...8
#......# .....
#......###.....
#..............
#..............
###+###........
#...#....>.
#.#g#.###..
#..@# # . ###.#
..# .#.# #.###
#


You could see a gnoll.

Vanquished Creatures
  An adder (D:2)
  A dart slug (D:1)
  An orc (D:3)
  2 ball pythons (D:1)
  8 bats
  6 endoplasms
  3 giant cockroaches
  4 goblins (D:1)
  5 hobgoblins
  5 kobolds
  2 quokkas (D:1)
  A frilled lizard (D:1)
  4 rats
43 creatures vanquished.

Notes
Turn   | Place    | Note
-------+----------+-------------------------------------------
     0 | D:1      | ryw the Demonspawn Monk began the quest for the Orb.
     0 | D:1      | Reached XP level 1. HP: 18/18 MP: 1/1
    49 | D:1      | Gained mutation: Your touch may inflict minor irresistible
                  | damage on your foes. [demonic ancestry]
    49 | D:1      | Reached XP level 2. HP: 18/24 MP: 2/2
   409 | D:1      | Gained mutation: You sometimes gain a little power by
                  | taking damage. [demonic ancestry]
   409 | D:1      | Reached XP level 3. HP: 29/29 MP: 3/3
  1199 | D:2      | Found Wykhoet's Antique Weapon Boutique.
  1209 | D:2      | Bought a smoking dagger for 133 gold pieces
  1209 | D:2      | Identified the +3 dagger of Brawling {heavy, Stlth+} (You
                  | bought it in a shop on level 2 of the Dungeon)
  1228 | D:2      | Found an ornate altar of the Wu Jian Council.
  1560 | D:3      | Found a bloodstained altar of Trog.
  1625 | D:3      | HP: 1/30 [gnoll/+0 flail (8)]
  1626 | D:3      | Mangled by a gnoll

Illustrated notes

Levels and vault maps discovered:
D:1:      nzn_arrival_settlement, layout_basic, minmay_tall_x
D:2:      layout_loops_ring, basic_altar, serial_shops, nicolae_lakefront_shop
D:3:      layout_basic, mainiacjoe_overflow_chevrons, nicolae_underground_beach

Skill      XL: |  1 |
---------------+----+-----
Dodging        | 3 |  3.5
Fighting       | |  3.9
Short Blades   | |  0.2
Long Blades    | |  0.4
Stealth        | |  1.7
Unarmed Combat | |  2.6

Action                     || total
---------------------------++-------
  Melee: Unarmed           ||    85
         Touch             ||    16
         Punch             ||     1
         Long sword        ||    20
         Dagger            ||    16
    Use: Scroll            ||     5
         Potion            ||     3
   Stab: Sleeping          ||     3
 Armour: Robe              ||    26
  Dodge: Dodged            ||    93

Table legend: (Time is in decaauts)
 A = Elapsed time spent in this place.
 B = Non-inter-level travel time spent in this place.
 C = Inter-level travel time spent in this place.
 D = Time resting spent in this place.
 E = Time spent auto-exploring this place.
 F = Levels seen in this place.
 G = Mean time per level.
                   A        B        C        D        E       F      G
               +--------+--------+--------+--------+--------+-----+--------+
         Total |   1636 |   1607 |     29 |    256 |   1005 |   3 |  545.3 |
       Dungeon |   1636 |   1607 |     29 |    256 |   1005 |   3 |  545.3 |
               +--------+--------+--------+--------+--------+-----+--------+

Top non-repeatable levels by time:
     D:1: 874 daAuts
     D:2: 692 daAuts
     D:3: 69 daAuts
